 Dungeon Crawl Stone Soup version 0.31-a0-1424-g2add1c7226 (webtiles) character file.

Game seed: 17125978258116815923

1652 drugrobin the Basher (level 8, 0/93 HPs)
             Began as a Demigod Delver on Dec 27, 2023.
             Slain by a manticore (14 damage)
             ... on level 6 of the Dungeon.
             The game lasted 00:14:45 (5913 turns).

drugrobin the Basher (Demigod Delver)               Turns: 5913, Time: 00:14:45

Health: 0/93       AC: 13    Str: 21    XL:     8   Next: 40%
Magic:  10/10      EV:  8    Int: 12    God:
Gold:   395        SH:  0    Dex: 15    Spells: 7/7 levels left

rFire   . . .        a - +0 morningstar
rCold   . . .        x - orb {*Rage}
rNeg    . . .        B - +0 chain mail
rPois   +            (no helmet)
rElec   .            F - +0 cloak
rCorr   .            (no gloves)
SInv    .            (no boots)
Will    .....        r - amulet of regeneration Stlth
                     M - +4 ring of protection
HPRegen 1.15/turn    J - ring of poison resistance
MPRegen 0.12/turn

%: random rage (20%)
@: berserking, spiked, very quick
A: high MP 1, forlorn, divine attributes
a: no special abilities


You were on level 6 of the Dungeon.
You visited 2 branches of the dungeon, and saw 7 of its levels.

You collected 395 gold pieces.

Inventory:

Hand Weapons
 a - a +0 morningstar (weapon)
 b - a +0 sling
 c - a +2 quarterstaff of chaos
 d - a +5 hand axe
 C - a +0 mace
 H - a +0 flail
Missiles
 l - 4 curare-tipped darts
 t - 3 boomerangs (quivered)
 L - 4 poisoned darts
Armour
 i - a +0 leather armour
 x - an orb of wrath (worn)
 B - a +0 chain mail (worn)
 F - a +0 cloak (worn)
Magical Staves
 n - a staff of air
 P - a staff of cold
Jewellery
 k - a +6 ring of intelligence
 r - an amulet of regeneration (around neck)
 J - a ring of poison resistance (right hand)
 K - a ring of resist corrosion
 M - a +4 ring of protection (left hand)
Wands
 g - a wand of digging (3)
 O - a wand of flame (16)
Scrolls
 e - a scroll of fear
 m - 2 scrolls of teleportation {unknown}
 p - 6 scrolls of identify {unknown}
 q - a scroll of torment {unknown}
 y - 2 scrolls of enchant armour {unknown}
 z - a scroll of acquirement {unknown}
 A - a scroll of immolation {unknown}
 D - a scroll of poison {unknown}
 E - 3 scrolls of fog
 G - 2 scrolls of revelation
 I - a scroll of noise {unknown}
Potions
 f - 3 potions of haste
 h - a potion of cancellation {unknown}
 j - a potion of resistance {unknown}
 o - 3 potions of berserk rage {unknown}
 s - a potion of mutation {unknown}
 u - a potion of heal wounds {unknown}
 v - 3 potions of enlightenment {unknown}
 w - a potion of curing {unknown}
 N - a potion of lignification {unknown}


   Skills:
 - Level 2.6 Fighting
 + Level 10.3 Maces & Flails
 - Level 1.7 Dodging
 - Level 4.5 Stealth


You had 7 spell levels left.
You didn't know any spells.
Your spell library contained the following spells:

 Spells                   Type           Power      Damage    Failure   Level
 Call Imp                 Summ           0%         N/A       99%         2
 Sublimation of Blood     Necr           0%         N/A       99%         2
 Tukima's Dance           Hex            0%         N/A       100%        3
 Dimensional Bullseye     Hex/Tloc       0%         N/A       100%        4
 Iskenderun's Mystic Bla  Conj/Tloc      0%         2d3       100%        4
 Summon Hydra             Summ           0%         N/A       100%        7


Dungeon Overview and Level Annotations

Branches:
Dungeon (6/15)             Temple (1/1) D:4


Innate Abilities, Weirdness & Mutations

You have an increased reservoir of magic. (+10% MP)
You shall have no god before yourself.
Your divine heritage dramatically boosts your attributes as you level up.


Message History

The manticore claws you but does no damage.
The manticore barely misses you.
Unknown command.
Unknown command.
You hit the manticore but do no damage.
The manticore bites you but does no damage.
The manticore claws you but does no damage.
The manticore claws you.
Unknown command.
Unknown command.
You barely miss the manticore. The manticore barely misses you. x2
The manticore claws you but does no damage.
Unknown command.
Unknown command.
Unknown command.
You puncture the manticore!
The manticore is moderately wounded.
Unknown command.
Unknown command.
You hit the manticore.
The manticore is moderately wounded.
The manticore bites you!
* * * LOW HITPOINT WARNING * * *
The manticore completely misses you.
The manticore claws you but does no damage.
Unknown command.
Unknown command.
Unknown command.
A red film seems to cover your vision as you go berserk!
You feel yourself moving faster!
You feel mighty!
You impale the manticore!!
The manticore is severely wounded.
The manticore bites you but does no damage.
The manticore completely misses you. The manticore claws you!
* * * LOW HITPOINT WARNING * * *
Unknown command.
Unknown command.
You hit the manticore.
The manticore is almost dead.
The manticore bites you!
You die...

........#.##..##......
.....................#
....#................
...................
...##............# .
....#............# .#...
...........>.....##.#...
..............##H......#
...##.......####@.....##
#..##........##........#
#............#.....##..#
.#................## ##
.#...............##
..........>.#....######
...#..................#
..###......#....#####.#
....#...##.#....#####.#


You could see a manticore.

Vanquished Creatures
  A steam dragon (D:6)
  Duvessa (D:5)
  A sky beast (D:6)
  2 ogres
  3 black bears
  A centaur (D:6)
  2 bullfrogs
  4 wights (D:4)
  Dowan (D:6)
  A howler monkey (D:6)
  A bombardier beetle (D:3)
  A jelly (D:5)
  2 sleepcaps
  Crazy Yiuf (D:3)
  3 hounds
  2 iguanas
  7 adders
  A worm (D:2)
  2 dart slugs (D:1)
  6 orcs
  8 endoplasms
  6 giant cockroaches
  6 goblins
  2 hobgoblins
  5 quokkas
  7 ball pythons
  5 bats
  A frilled lizard (D:1)
  6 kobolds
  7 rats
96 creatures vanquished.

Vanquished Creatures (others)
  An adder (D:6)
  A hobgoblin zombie (D:4)
2 creatures vanquished.

Grand Total: 98 creatures vanquished

Notes
Turn   | Place    | Note
-------+----------+-------------------------------------------
     0 | D:5      | drugrobin the Demigod Delver began the quest for the Orb.
     0 | D:5      | Reached XP level 1. HP: 18/18 MP: 3/3
    69 | D:5      | Reached skill level 2 in Maces & Flails
   160 | D:5      | Noticed a hound
   238 | D:4      | Noticed a black bear
   293 | D:4      | Noticed an iguana
   327 | D:4      | Found a staircase to the Ecumenical Temple.
   540 | D:4      | Noticed a black bear
   798 | D:5      | Noticed a hound
  1014 | D:5      | Noticed a sleepcap
  1050 | D:5      | Noticed an iguana
  1668 | Temple   | Entered the Ecumenical Temple
  1743 | D:4      | Killed an iguana
  1744 | D:4      | Reached skill level 3 in Maces & Flails
  1744 | D:4      | Reached XP level 2. HP: 25/25 MP: 4/4
  1783 | D:3      | Reached XP level 3. HP: 30/30 MP: 5/5
  2403 | D:1      | Reached skill level 4 in Maces & Flails
  2788 | D:2      | Reached XP level 4. HP: 36/37 MP: 6/6
  3778 | D:3      | Found a runed translucent door.
  3779 | D:3      | Noticed Crazy Yiuf
  3830 | D:3      | Noticed a bullfrog
  3840 | D:3      | Killed a bullfrog
  3841 | D:3      | Reached skill level 5 in Maces & Flails
  3841 | D:3      | Reached XP level 5. HP: 32/42 MP: 7/7
  4024 | D:3      | Killed Crazy Yiuf
  4182 | D:4      | Reached skill level 6 in Maces & Flails
  4223 | D:4      | Reached XP level 6. HP: 41/48 MP: 8/8
  4525 | D:4      | Reached skill level 7 in Maces & Flails
  4585 | D:4      | Reached XP level 7. HP: 56/56 MP: 9/9
  4932 | D:5      | Reached skill level 8 in Maces & Flails
  5239 | D:6      | Noticed Dowan
  5277 | D:6      | Reached skill level 9 in Maces & Flails
  5289 | D:6      | Killed Dowan
  5290 | D:6      | Reached XP level 8. HP: 49/62 MP: 10/10
  5292 | D:6      | Noticed a manticore
  5551 | D:6      | Noticed Duvessa
  5566 | D:5      | Killed Duvessa
  5741 | D:6      | Reached skill level 10 in Maces & Flails
  5913 | D:6      | Slain by a manticore

Illustrated notes

Levels and vault maps discovered:
D:1:      wheals_arrival_shading, layout_rooms, minmay_tetromino_o4
D:2:      layout_loops_cross, kennysheep_generic_room_12
D:3:      layout_loops_ring, chequers_big_river, uniq_crazy_yiuf_cottage
D:4:      layout_basic, nzn_wu_jian_council_hall, lemuel_round_altar,
          minmay_temple_entry_from_below_a, serial_aquarium,
          aquarium_bridge_straight [aquarium_subvault_bridge,
          aquarium_subvault_window, aquarium_subvault_bridge,
          aquarium_subvault_wall], aquarium_bridge_square
          [aquarium_subvault_window, aquarium_subvault_wall,
          aquarium_subvault_wall, aquarium_subvault_bridge], aquarium_window_2,
          aquarium_window_fake, aquarium_view_2d, aquarium_view_2b
D:5:      minmay_general_purpose_star, layout_loops_corners,
          lemuel_crystal_altar, nemelex_xobeh_ov_fountains_minmay,
          minmay_misc_feat_pillars
D:6:      layout_cave_pools, serial_glass, glass_columns_a, glass_columns_b,
          serial_shops, nicolae_shop_drivethru, corexii_shack,
          minmay_chambers_of_fives, uniq_duvessa
Temple:   nicolae_temple_bog_church

Skill      XL: |  1  2  3  4  5  6  7  8 |
---------------+-------------------------+-----
Maces & Flails | 3 4 5 6 7 9 10 | 10.3
Fighting       | |  2.6
Dodging        | |  1.7
Stealth        | |  4.5

Action                     |  1- 3 |  4- 6 |  7- 9 || total
---------------------------+-------+-------+-------++-------
  Melee: Mace              |    97 |    41 |       ||   138
         Flail             |       |    56 |    44 ||   100
         Punch             |       |     3 |     7 ||    10
         Quarterstaff      |       |    19 |       ||    19
         Morningstar       |       |       |    85 ||    85
   Fire: Sling             |       |     3 |       ||     3
  Throw: Dart              |     2 |     1 |     6 ||     9
         Boomerang         |     1 |    11 |    12 ||    24
   Stab: Sleeping          |     5 |       |       ||     5
 Armour: Leather armour    |    14 |       |       ||    14
         Scale mail        |    47 |    18 |       ||    65
         Chain mail        |       |    70 |   142 ||   212
  Dodge: Dodged            |    50 |    49 |    53 ||   152

Table legend: (Time is in decaauts)
 A = Elapsed time spent in this place.
 B = Non-inter-level travel time spent in this place.
 C = Inter-level travel time spent in this place.
 D = Time resting spent in this place.
 E = Time spent auto-exploring this place.
 F = Levels seen in this place.
 G = Mean time per level.
                   A        B        C        D        E       F      G
               +--------+--------+--------+--------+--------+-----+--------+
         Total |   5976 |   5334 |    642 |    334 |   3487 |   7 |  853.7 |
       Dungeon |   5974 |   5332 |    642 |    334 |   3487 |   6 |  995.7 |
        Temple |      1 |      1 |      0 |      0 |      0 |   1 |    1.0 |
               +--------+--------+--------+--------+--------+-----+--------+

Top non-repeatable levels by time:
     D:5: 1766 daAuts
     D:4: 1406 daAuts
     D:2: 931 daAuts
     D:3: 889 daAuts
     D:1: 527 daAuts
     D:6: 453 daAuts
  Temple: 1 daAuts
